[Event "Titled Tuesday Blitz December 14 2021"]
[White "Nasyrova, Ekaterina"]
[Black "Abdrlauf, Elham"]
[WhiteFideId "44157797"]
[BlackFideId "1533533"]
[WhiteElo "2068"]
[BlackElo "2334"]
[Result "1-0"]
[Round "01"]
[TimeControl "180+1"]
[Date "2021.12.15"]
[WhiteClock "0:00:14"]
[BlackClock "0:00:02"]

1. d4 Nf6 2. c4 e6 3. Nc3 d5 4. Nf3 dxc4 5. e3 a6 6. Bxc4 b5 7. Bd3 Bb7 8. O-O Nbd7 9. e4 b4 10. Na4 Nxe4 11. Re1 Nef6 12. Bg5 Be7 13. Rc1 O-O 14. Nc5 Nxc5 15. dxc5 Bd5 16. b3 h6 17. Bf4 Nd7 18. c6 Nf6 19. Bb1 Bd6 20. Ne5 a5 21. Qd2 Re8 22. h4 Bf8 23. g4 a4 24. g5 hxg5 25. hxg5 Nh5 26. Qd3 f5 27. gxf6 Nxf6 28. Qg6 Re7 29. Re3 Qe8 30. Qg5 Qh5 31. Qxh5 Nxh5 32. Bg5 Nf6 33. Rh3 axb3 34. axb3 Ra3 35. f3 Rxb3 36. Kf2 Ne4+ 37. Bxe4 Bxe4 38. Rch1 Rb2+ 39. Ke3 1-0


[Site "https://www.chess.com"]

[Event "Titled Tuesday Blitz December 14 2021"]
[White "Navalgund, Niranjan"]
[Black "Dubov, Daniil"]
[WhiteFideId "5030854"]
[BlackFideId "24126055"]
[WhiteElo "2290"]
[BlackElo "2749"]
[Result "0-1"]
[Round "01"]
[TimeControl "180+1"]
[Date "2021.12.14"]
[WhiteClock "0:00:21"]
[BlackClock "0:00:47"]

1. d4 d5 2. Nf3 Nf6 3. c4 c6 4. g3 Bg4 5. Bg2 e6 6. O-O Be7 7. Ne5 Bf5 8. Nc3 O-O 9. Bg5 Nbd7 10. Nxd7 Qxd7 11. Qb3 h6 12. Bf4 Rfd8 13. Rfd1 Rac8 14. a4 a5 15. h3 Bg6 16. g4 h5 17. g5 dxc4 18. Qxc4 Nd5 19. Bd2 Bc2 20. Rdc1 Nb6 21. Qa2 Bg6 22. e3 Bxg5 23. Qb3 Nd5 24. Ne4 Bxe4 25. Bxe4 Ra8 26. Bg2 Be7 27. Rd1 Bb4 28. e4 Ne7 29. Bxb4 axb4 30. Qxb4 Ng6 31. d5 Nf4 32. dxc6 Qxc6 33. Rxd8+ Rxd8 34. Bf1 e5 35. Qc3 Qxe4 36. Re1 Qg6+ 37. Kh2 Qb6 38. Kg1 Rd6 39. Re3 Nd5 40. Qc8+ Rd8 41. Qc1 Nxe3 42. fxe3 Qb4 43. Qc7 Rd6 44. Bd3 Rxd3 45. Qc8+ Qf8 0-1


[Site "https://www.chess.com"]

[Event "Titled Tuesday Blitz December 14 2021"]
[White "Nesterov, Arseniy"]
[Black "Ianov, Viktor"]
[WhiteFideId "24198455"]
[BlackFideId "14102730"]
[WhiteElo "2489"]
[BlackElo "2307"]
[Result "1-0"]
[Round "01"]
[TimeControl "180+1"]
[Date "2021.12.14"]
[WhiteClock "0:00:57"]
[BlackClock "0:01:58"]

1. d4 d6 2. c4 g6 3. e4 Bg7 4. Nc3 c5 5. d5 e6 6. Nf3 Ne7 7. Bd3 a6 8. O-O exd5 9. exd5 O-O 10. Re1 Bg4 11. Bg5 f6 12. Bf4 Nf5 13. h3 Bxf3 14. Qxf3 Nd7 15. Bxf5 gxf5 16. Qh5 Ne5 17. Qxf5 Nxc4 18. Re6 b5 19. Ne4 Ra7 20. b3 Nb6 21. Rxd6 Rd7 22. Rxb6 Rxd5 23. Qe6+ 1-0


[Site "https://www.chess.com"]

[Event "Titled Tuesday Blitz December 14 2021"]
[White "Nilsen, Tobias Lang"]
[Black "Le, Tuan Minh"]
[WhiteFideId "1521624"]
[BlackFideId "12401153"]
[WhiteElo "1979"]
[BlackElo "2450"]
[Result "0-1"]
[Round "01"]
[TimeControl "180+1"]
[Date "2021.12.14"]
[WhiteClock "0:00:08"]
[BlackClock "0:00:33"]

1. e4 c5 2. Nf3 Nf6 3. e5 Nd5 4. Nc3 e6 5. Nxd5 exd5 6. d4 Nc6 7. dxc5 Bxc5 8. Qxd5 d6 9. exd6 Qb6 10. Qe4+ Be6 11. Qh4 Bxd6 12. Be2 O-O 13. O-O Be7 14. Bg5 Bxg5 15. Nxg5 Bf5 16. Rfe1 h6 17. Ne4 Qxb2 18. Bd3 Bg6 19. Rab1 Qxa2 20. Rxb7 Rfe8 21. h3 Ne5 22. Bb5 Qa5 23. Rb1 Reb8 24. Bf1 Rxb7 25. Rxb7 Qd5 26. Re7 Bxe4 27. Qf4 Ng6 28. Qxe4 Nxe7 29. Qxe7 a5 30. c4 Qd8 31. Qa3 a4 32. c5 Qe7 33. Bb5 Qb7 34. Be2 Qb3 35. Qa1 a3 36. Bf3 Qb2 37. Qe1 a2 38. Bxa8 a1=Q 39. Qxa1 Qxa1+ 40. Kh2 Qxa8 41. g3 Qf3 42. h4 Qxf2+ 43. Kh3 Qxc5 44. Kg4 h5+ 45. Kf4 Qd4+ 46. Kf3 f5 47. Kg2 Kf7 48. Kh2 Ke6 49. Kh3 Ke5 50. Kg2 Ke4 51. Kf1 Kf3 52. Ke1 Qf2+ 53. Kd1 Ke3 54. g4 Qd2# 0-1


[Site "https://www.chess.com"]

[Event "Titled Tuesday Blitz December 14 2021"]
[White "Paravyan, David"]
[Black "Dounis, Alexandros"]
[WhiteFideId "4194985"]
[BlackFideId "4213238"]
[WhiteElo "2656"]
[BlackElo "2195"]
[Result "1-0"]
[Round "01"]
[TimeControl "180+1"]
[Date "2021.12.14"]
[WhiteClock "0:02:53"]
[BlackClock "0:02:33"]

1. e4 e5 2. Nf3 Nc6 3. Nc3 Nf6 4. d4 exd4 5. Nxd4 Bb4 6. Nxc6 bxc6 7. Bd3 d5 8. exd5 O-O 9. O-O Bg4 10. f3 Bh5 11. dxc6 Qd4+ 12. Kh1 Bxc3 13. bxc3 Qxc3 14. Bf4 Qxc6 15. Qe2 Rfe8 16. Bb5 Rxe2 17. Bxc6 Rxc2 18. Bxa8 1-0


[Site "https://www.chess.com"]

[Event "Titled Tuesday Blitz December 14 2021"]
[White "Pichot, Alan"]
[Black "Silva, Kaua Marques"]
[WhiteFideId "110973"]
[BlackFideId "22701168"]
[WhiteElo "2629"]
[BlackElo "2013"]
[Result "1-0"]
[Round "01"]
[TimeControl "180+1"]
[Date "2021.12.14"]
[WhiteClock "0:02:23"]
[BlackClock "0:01:34"]

1. e4 c6 2. Nf3 d5 3. Nc3 dxe4 4. Nxe4 Nf6 5. Qe2 Nxe4 6. Qxe4 Nd7 7. Bc4 Nf6 8. Qe2 e6 9. O-O Be7 10. d4 O-O 11. c3 Nd5 12. Ne5 Bf6 13. Bd2 Qc7 14. Rfe1 b6 15. Rad1 Bb7 16. Qh5 c5 17. Ng4 Be7 18. dxc5 Qxc5 19. Bd3 g6 20. Qe5 Qc7 21. Nh6# 1-0


[Site "https://www.chess.com"]

[Event "Titled Tuesday Blitz December 14 2021"]
[White "Polaczek, Richard"]
[Black "Grigorjev, Iljya"]
[WhiteFideId "200026"]
[BlackFideId "24159565"]
[WhiteElo "2326"]
[BlackElo "2124"]
[Result "0-1"]
[Round "01"]
[TimeControl "180+1"]
[Date "2021.12.15"]
[WhiteClock "0:00:01"]
[BlackClock "0:00:04"]

1. d4 Nf6 2. Bg5 d5 3. Bxf6 exf6 4. e3 Bd6 5. Nd2 c6 6. Ne2 f5 7. c4 dxc4 8. Nxc4 Bc7 9. Nc3 O-O 10. g3 Nd7 11. Bg2 Nf6 12. O-O Qe7 13. a3 a5 14. Re1 Ne4 15. Qc2 Nd6 16. Ne5 g6 17. b4 Be6 18. Rab1 axb4 19. axb4 Nc4 20. Nxc4 Bxc4 21. d5 Be5 22. dxc6 bxc6 23. Ne2 Bb5 24. Nd4 Bxd4 25. exd4 Qd6 26. Qc5 Rad8 27. Rec1 Qxd4 28. Qxd4 Rxd4 29. Bxc6 Bd3 30. Rb3 Rc8 31. b5 Be4 32. Rbc3 Rb4 33. Rc5 Kf8 34. h4 h5 35. Bxe4 Rxc5 36. Rxc5 fxe4 37. Kf1 Ke7 38. Ke2 Kd6 39. Rc6+ Ke5 40. b6 Rb2+ 41. Ke3 Rb3+ 42. Ke2 f6 43. Kd2 Rb2+ 44. Ke3 Rb3+ 45. Ke2 g5 46. hxg5 fxg5 47. Rh6 Kf5 48. Rxh5 Rxb6 49. f4 Rb2+ 50. Ke3 Rb3+ 51. Ke2 Rb2+ 52. Ke3 Rb3+ 0-1


[Site "https://www.chess.com"]

[Event "Titled Tuesday Blitz December 14 2021"]
[White "Rangel, Daniel"]
[Black "Grigoriants, Sergey"]
[WhiteFideId "2124475"]
[BlackFideId "4130804"]
[WhiteElo "2187"]
[BlackElo "2502"]
[Result "0-1"]
[Round "01"]
[TimeControl "180+1"]
[Date "2021.12.14"]
[WhiteClock "0:00:06"]
[BlackClock "0:00:08"]

1. c4 e5 2. g3 Nf6 3. Bg2 c6 4. Nf3 e4 5. Nd4 d5 6. cxd5 Qxd5 7. Nc2 Qh5 8. Nc3 Bh3 9. Bxh3 Qxh3 10. Ne3 Na6 11. Qb3 Nc5 12. Qc4 Rd8 13. a4 a5 14. b3 Qe6 15. Qxe6+ Nxe6 16. Ba3 Bxa3 17. Rxa3 Nd4 18. O-O O-O 19. Rb1 b5 20. axb5 cxb5 21. Rxa5 b4 22. Ncd5 Nxd5 23. Nxd5 Nxe2+ 24. Kf1 Nd4 25. Nxb4 Nf3 26. Rb2 Nxh2+ 27. Ke2 Nf3 28. Nd5 Rd6 29. Ne3 Rfd8 30. Nc4 Rh6 31. Rba2 Rh1 32. Ke3 g5 33. Kxe4 g4 34. Ra8 Rxa8 35. Rxa8+ Kg7 36. Kf4 h5 37. Ra7 Rf1 38. Ne5 Nxe5 39. Kxe5 Rxf2 40. d4 Rf3 41. d5 Rxg3 42. d6 Rxb3 43. Ra5 Rd3 44. Rd5 Rxd5+ 45. Kxd5 g3 46. d7 g2 47. d8=Q g1=Q 48. Qe7 Qg4 49. Qe5+ Kg6 50. Qd6+ Qe6+ 51. Qxe6+ fxe6+ 52. Kxe6 Kg5 53. Ke5 Kg4 54. Ke4 Kg3 55. Ke3 h4 56. Ke2 Kg2 57. Ke3 h3 0-1


[Site "https://www.chess.com"]

[Event "Titled Tuesday Blitz December 14 2021"]
[White "Rasulov, Vugar"]
[Black "Gnechko, Ruslan"]
[WhiteFideId "13402390"]
[BlackFideId "14135868"]
[WhiteElo "2560"]
[BlackElo "2289"]
[Result "1-0"]
[Round "01"]
[TimeControl "180+1"]
[Date "2021.12.14"]
[WhiteClock "0:01:50"]
[BlackClock "0:00:11"]

1. d4 d5 2. c4 c6 3. Nf3 Nf6 4. Qc2 e6 5. Nc3 Nbd7 6. Bg5 h6 7. Bh4 Be7 8. e3 O-O 9. O-O-O a5 10. c5 b6 11. cxb6 Qxb6 12. Bd3 Ba6 13. g4 Bxd3 14. Rxd3 Rfe8 15. Rg1 Ne4 16. Bxe7 Rxe7 17. g5 Nxg5 18. Nxg5 hxg5 19. Rxg5 e5 20. h4 Rc8 21. h5 Qd8 22. h6 g6 23. Rd1 exd4 24. exd4 Nf8 25. f4 Re3 26. Qf2 Qe7 27. Re5 Rxe5 28. fxe5 Qg5+ 29. Qd2 Qxd2+ 30. Kxd2 Ne6 31. Ke3 Rb8 32. b3 Rb4 33. Na4 Kh7 34. Rf1 Rxd4 35. Rxf7+ Kxh6 36. Nc5 Ng5 37. Kxd4 Nxf7 38. e6 Nd6 39. Ke5 Ne8 40. e7 g5 41. Nd7 g4 42. Nf6 g3 43. Nxe8 g2 44. Nf6 g1=Q 45. e8=Q Qe3+ 46. Kd6 Qxe8 47. Nxe8 d4 48. Nf6 d3 49. Ne4 Kg6 50. Kxc6 Kf5 51. Kd5 Kf4 52. Kd4 1-0


[Site "https://www.chess.com"]

[Event "Titled Tuesday Blitz December 14 2021"]
[White "Rodchenkov, Sergey D."]
[Black "Ibrahimli, Murad"]
[WhiteFideId "4168712"]
[BlackFideId "13410229"]
[WhiteElo "2306"]
[BlackElo "2109"]
[Result "0-1"]
[Round "01"]
[TimeControl "180+1"]
[Date "2021.12.14"]
[WhiteClock "0:00:15"]
[BlackClock "0:00:19"]

1. e4 e5 2. Nf3 Nc6 3. Bc4 Nf6 4. d3 Be7 5. O-O O-O 6. Re1 d6 7. c3 a6 8. Bb3 h6 9. Nbd2 Kh8 10. Nf1 Na5 11. Bc2 c5 12. Ng3 Nc6 13. h3 Be6 14. d4 cxd4 15. cxd4 exd4 16. Nxd4 Nxd4 17. Qxd4 Rc8 18. Bb3 d5 19. e5 Bc5 20. Qf4 Nd7 21. Be3 Bxe3 22. Rxe3 Qg5 23. Qxg5 hxg5 24. Rd1 Rc5 25. Ne2 Rfc8 26. Nc3 Nb6 27. Rd4 Nc4 28. Bxc4 dxc4 29. g4 b5 30. a3 a5 31. Rd6 b4 32. axb4 axb4 33. Na4 c3 34. Nxc5 cxb2 35. Re1 Rxc5 36. Rdd1 Ba2 37. Kg2 Rc3 38. f3 Kg8 39. Rd8+ Kh7 40. Rdd1 Bb3 41. Rb1 Rc2+ 42. Kg3 Ba2 43. Rbd1 b3 44. h4 gxh4+ 45. Kxh4 Rc1 46. Rxc1 bxc1=Q 47. Rxc1 b2 48. Rh1 b1=Q 49. Rxb1 Bxb1 50. f4 Kg6 51. f5+ Bxf5 0-1


[Site "https://www.chess.com"]

[Event "Titled Tuesday Blitz December 14 2021"]
[White "Sanal, Vahap"]
[Black "Stankovic, Ivan G"]
[WhiteFideId "6300545"]
[BlackFideId "902837"]
[WhiteElo "2499"]
[BlackElo "2195"]
[Result "0-1"]
[Round "01"]
[TimeControl "180+1"]
[Date "2021.12.14"]
[WhiteClock "0:00:04"]
[BlackClock "0:00:15"]

1. e4 c5 2. Nf3 Nc6 3. Nc3 g6 4. d4 cxd4 5. Nxd4 Bg7 6. Be3 Nf6 7. Bc4 O-O 8. Bb3 d6 9. h3 Bd7 10. O-O a6 11. Nxc6 bxc6 12. Qd2 Qc7 13. Rad1 c5 14. Bh6 c4 15. Bxg7 Kxg7 16. Ba4 Bxa4 17. Nxa4 Rab8 18. Rfe1 Nd7 19. b3 Rfc8 20. Qd4+ Kg8 21. h4 Nc5 22. Nxc5 Qxc5 23. Qa1 Qh5 24. g3 cxb3 25. cxb3 Rc2 26. Rc1 Rbc8 27. Rxc2 Rxc2 28. Rc1 Qe2 29. Rxc2 Qxc2 30. f3 Qe2 31. Qc3 Qxa2 32. Qc8+ Kg7 33. Qc3+ e5 34. h5 gxh5 35. Qe3 h6 36. Qd3 Qa1+ 37. Kg2 Qb2+ 38. Kh3 Qc1 39. Kg2 Qb2+ 40. Kh3 Qd4 41. Qf1 Qe3 42. b4 Qd2 43. Kh4 Qh2+ 44. Qh3 Qxh3+ 45. Kxh3 Kf6 46. Kh4 Kg6 47. g4 hxg4 48. fxg4 f6 49. Kh3 Kg5 50. Kg3 h5 51. gxh5 Kxh5 0-1


[Site "https://www.chess.com"]

[Event "Titled Tuesday Blitz December 14 2021"]
[White "Saydaliev, Saidakbar"]
[Black "Milosevic, Milos"]
[WhiteFideId "14203693"]
[BlackFideId "964875"]
[WhiteElo "2279"]
[BlackElo "2210"]
[Result "0-1"]
[Round "01"]
[TimeControl "180+1"]
[Date "2021.12.15"]
[WhiteClock "0:00:17"]
[BlackClock "0:00:07"]

1. d4 Nf6 2. c4 g6 3. Nf3 d5 4. g3 Bg7 5. Bg2 O-O 6. O-O dxc4 7. Na3 Nc6 8. Nxc4 Be6 9. b3 Ne4 10. Bb2 Bd5 11. Ne3 e6 12. Rc1 Bh6 13. Qd3 Nb4 14. Qb1 Bxe3 15. fxe3 f5 16. a3 Nc6 17. b4 a6 18. Qd3 g5 19. Nd2 Nxd2 20. Qxd2 Bxg2 21. Kxg2 Qd5+ 22. Kg1 Qe4 23. Qd3 Qxd3 24. exd3 Rad8 25. Bc3 e5 26. dxe5 Rxd3 27. Kf2 Kf7 28. Rfd1 Rfd8 29. Rxd3 Rxd3 30. Ke2 Rd5 31. Ba1 Ke6 32. h3 Rd7 33. Rc5 h5 34. Bc3 g4 35. h4 Ne7 36. Bd4 c6 37. a4 Rd5 38. Rc1 Ng6 39. Ba1 Nxe5 40. Rc2 Nf3 41. Bc3 Ng1+ 42. Kf2 Rd1 43. Rb2 Nf3 44. b5 axb5 45. axb5 c5 46. b6 Kd5 47. Ke2 Rg1 48. Kf2 Rh1 49. Rb3 Kc4 50. Ra3 Rh2+ 51. Kf1 Rc2 52. Ba1 Rc1+ 53. Ke2 Rc2+ 54. Kd1 Rd2+ 55. Kc1 Rd3 56. Ra7 Rd7 57. Ra8 Kb5 58. Rf8 Rd5 59. Rh8 Kxb6 60. Rxh5 Kb5 61. Rh7 Kc4 62. Rxb7 Nd2 63. h5 Nb3+ 64. Kc2 Rd2+ 65. Kb1 Rd1+ 66. Kb2 Nxa1 67. h6 Nb3 68. Rxb3 Rh1 69. Rb6 Kd3 70. Rf6 Ke4 71. Kc3 Kxe3 72. Kc4 Rh5 73. Kxc5 f4+ 74. Kd6 f3 75. Rg6 f2 76. Rf6 Ke2 77. Ke6 f1=Q 78. Rxf1 Kxf1 79. Kf6 Rxh6+ 80. Kg5 Rh3 81. Kxg4 Kg2 0-1


[Site "https://www.chess.com"]

[Event "Titled Tuesday Blitz December 14 2021"]
[White "Suvorov, Luca"]
[Black "Azadaliyev, Jahandar"]
[WhiteFideId "12977071"]
[BlackFideId "13425811"]
[WhiteElo "2127"]
[BlackElo "1795"]
[Result "1/2-1/2"]
[Round "01"]
[TimeControl "180+1"]
[Date "2021.12.15"]
[WhiteClock "0:00:01"]
[BlackClock "0:00:07"]

1. d4 Nf6 2. c4 e6 3. Nc3 Bb4 4. e3 O-O 5. Ne2 d5 6. a3 Bxc3+ 7. Nxc3 Nbd7 8. cxd5 exd5 9. Bd3 Re8 10. O-O Nf8 11. b4 Bg4 12. Qc2 Bh5 13. f4 c6 14. h3 h6 15. f5 Qd6 16. Qf2 Ne4 17. Bxe4 dxe4 18. g4 Qf6 19. gxh5 Rad8 20. Qf4 Nd7 21. Nxe4 Qe7 22. Nd6 Rf8 23. e4 Nf6 24. e5 Nd5 25. Qg4 f6 26. Bf4 b6 27. Rae1 Qd7 28. Bxh6 Kh8 29. Bd2 c5 30. Qg6 cxd4 31. h6 fxe5 32. hxg7+ Qxg7 33. Ne4 Rg8 34. Qxg7+ Rxg7+ 35. Kh2 Rc7 36. Rf2 Rc2 37. Ref1 Kg8 38. f6 Kf7 39. Ng5+ Kg6 40. Ne4 Rf8 41. Rg2+ Kf7 42. Rg7+ Ke6 43. Rg2 d3 44. Rgf2 b5 45. Ng5+ Kd7 46. f7 Ne7 47. Nh7 Rxf7 48. Rxf7 Rxd2+ 49. R7f2 Rxf2+ 50. Rxf2 e4 51. Nf6+ Ke6 52. Nxe4 Ke5 53. Nd2 Kd4 54. Rf3 Nd5 55. Nf1 Kc3 56. Rf2 Kb3 57. h4 Kxa3 58. h5 Ne3 59. h6 Ng4+ 60. Kg3 Nxh6 61. Rd2 Kxb4 62. Rxd3 Nf5+ 63. Kf4 Ne7 64. Rd6 a5 65. Ne3 a4 66. Rd7 Nc6 67. Rd6 Kc5 68. Rd5+ Kb4 69. Ke4 a3 70. Rd3 Na5 71. Nc2+ Kc4 72. Rxa3 Nc6 73. Rd3 Na5 74. Ne3+ Kb4 75. Kd5 Nb3 76. Nc2+ Ka4 77. Kc6 b4 78. Kb6 Na5 79. Rd1 Nc4+ 80. Kc5 Nb2 81. Rb1 Nd3+ 82. Kc4 Ne5+ 83. Kd4 Nc6+ 84. Kc5 Ne5 85. Rxb4+ Ka5 86. Rd4 Ka6 1/2-1/2


[Site "https://www.chess.com"]

[Event "Titled Tuesday Blitz December 14 2021"]
[White "Svane, Frederik"]
[Black "Ingebretsen, Jens E"]
[WhiteFideId "12923044"]
[BlackFideId "1522965"]
[WhiteElo "2459"]
[BlackElo "2072"]
[Result "1-0"]
[Round "01"]
[TimeControl "180+1"]
[Date "2021.12.15"]
[WhiteClock "0:00:06"]
[BlackClock "0:00:03"]

1. e4 e5 2. Nf3 Nc6 3. Bb5 a6 4. Ba4 Nf6 5. O-O b5 6. Bb3 Bc5 7. Nc3 O-O 8. a4 Rb8 9. Nd5 d6 10. c3 Nxd5 11. exd5 Ne7 12. axb5 axb5 13. d4 exd4 14. Nxd4 b4 15. Bg5 f6 16. Be3 bxc3 17. bxc3 Kh8 18. Bc2 Bxd4 19. Qxd4 Bf5 20. Ba4 Bg6 21. Bf4 Qc8 22. Rfe1 Nf5 23. Qd2 Qb7 24. Bc6 Qb2 25. Qxb2 Rxb2 26. Ra7 Rc8 27. Bd7 Rcb8 28. Rxc7 Rb1 29. Kf1 h6 30. Rxb1 Rxb1+ 31. Ke2 Rb2+ 32. Kf3 Rc2 33. Bxf5 Bxf5 34. Bxd6 Rd2 35. c4 Rd4 36. Ke3 Rd3+ 37. Ke2 Rc3 38. Kd2 Rc2+ 39. Ke3 Rc3+ 40. Kd4 Rd3+ 41. Kc5 Rd2 42. Bg3 Rc2 43. Kd6 Rd2 44. Re7 Bd3 45. Rc7 Be4 46. f3 Bb1 47. Rc8+ Kh7 48. Kc7 Ba2 49. Kd6 Rxg2 50. c5 Rd2 51. Kc7 Bxd5 52. c6 Rc2 53. Kd6 Bxf3 54. c7 Bg4 55. Rd8 Rd2+ 56. Kc5 Rc2+ 57. Kd4 Rd2+ 58. Ke3 Rc2 59. Bd6 Be6 60. Kf4 Rxh2 61. c8=Q Bxc8 62. Rxc8 Rh4+ 63. Kg3 Rd4 64. Bc5 Rd7 65. Rc6 Rf7 66. Be3 Rb7 67. Kf3 Rb3 68. Ke4 Rb4+ 69. Kf3 Rb7 70. Bc5 h5 71. Kf4 Kg6 72. Be3 Rb4+ 73. Kf3 h4 74. Rc5 Ra4 75. Bf4 f5 76. Rc6+ Kh5 77. Rc8 g5 78. Rh8+ Kg6 79. Rg8+ Kf6 80. Bxg5+ Kf7 81. Rb8 Rg4 82. Bf4 Kg7 83. Rb7+ Kg6 84. Rb8 Kg7 85. Be5+ Kf7 86. Rh8 Ke6 87. Bf4 Kf7 88. Be3 Kg6 89. Bf2 Kf7 90. Rh5 Kg6 91. Rh8 Kg7 92. Rc8 Kg6 93. Rc6+ Kf7 94. Rc1 Kg6 95. Rh1 Kg5 96. Be3+ Kg6 97. Bf4 Kh5 98. Rh2 Kg6 99. Re2 Kf6 100. Rb2 Ke6 101. Rb6+ Kf7 102. Be3 Kg7 103. Bf2 Kf7 104. Be1 Kg7 105. Bc3+ Kf7 106. Be5 Ke7 107. Rf6 Kd7 108. Rxf5 Ra4 109. Rh5 Ke6 110. Bf4 Ra3+ 111. Kg4 Ra1 112. Rxh4 Rg1+ 113. Bg3 Rb1 114. Rh6+ Kd5 115. Kf5 Rf1+ 116. Bf4 Kc5 117. Rh8 Kb5 118. Rc8 Ka4 119. Ke5 Rh1 120. Be3 Rh5+ 121. Kd4 Rh4+ 122. Kd3 Rg4 123. Rb8 Ka5 124. Bd4 Rh4 125. Kc4 Ka6 126. Rb6+ Ka5 127. Rb7 Rh6 128. Bc5 Rc6 129. Rb2 Ka6 130. Rb8 Ka5 131. Ra8+ Ra6 132. Re8 Rc6 133. Re7 Rg6 134. Bd4 Rd6 135. Rb7 Ra6 136. Rb5+ Ka4 137. Rb1 Rc6+ 138. Bc5 Rh6 139. Ra1# 1-0


[Site "https://www.chess.com"]

[Event "Titled Tuesday Blitz December 14 2021"]
[White "Svane, Rasmus"]
[Black "Martins, Vinicius Tine"]
[WhiteFideId "4657101"]
[BlackFideId "2112884"]
[WhiteElo "2643"]
[BlackElo "2373"]
[Result "1-0"]
[Round "01"]
[TimeControl "180+1"]
[Date "2021.12.14"]
[WhiteClock "0:00:46"]
[BlackClock "0:00:25"]

1. Nf3 c5 2. c4 Nc6 3. Nc3 Nf6 4. e3 e6 5. d4 d5 6. cxd5 Nxd5 7. Bd3 cxd4 8. exd4 Be7 9. O-O O-O 10. Re1 Nxc3 11. bxc3 b6 12. Qe2 Bb7 13. Qe4 g6 14. Bh6 Re8 15. Rad1 Qc7 16. Qg4 Bf6 17. h4 Bg7 18. Bxg7 Kxg7 19. h5 Qe7 20. d5 Nd8 21. Bb5 Rg8 22. dxe6 Nxe6 23. Rd7 Qc5 24. Qxe6 1-0


[Site "https://www.chess.com"]

[Event "Titled Tuesday Blitz December 14 2021"]
[White "Swicarz, Maciej"]
[Black "Dahanayake, Isara Banidu"]
[WhiteFideId "1113585"]
[BlackFideId "9932631"]
[WhiteElo "2131"]
[BlackElo "1394"]
[Result "1-0"]
[Round "01"]
[TimeControl "180+1"]
[Date "2021.12.15"]
[WhiteClock "0:00:04"]
[BlackClock "0:00:10"]

1. e4 c5 2. Nc3 Nc6 3. Bb5 Nd4 4. Bc4 g6 5. Nf3 Bg7 6. Nxd4 cxd4 7. Qf3 e6 8. Nb5 d6 9. Qa3 Bf8 10. Nxd4 Nf6 11. Bb5+ Bd7 12. Bxd7+ Qxd7 13. Qf3 Bg7 14. O-O O-O 15. d3 Rac8 16. c3 d5 17. Bg5 Ne8 18. Nb3 h6 19. Be3 dxe4 20. dxe4 b6 21. Rfd1 Qc6 22. Nd4 Qb7 23. Nb5 a6 24. Nd6 Nxd6 25. Rxd6 Rfd8 26. Rad1 Rxd6 27. Rxd6 b5 28. h3 b4 29. Rb6 Qd7 30. Rxb4 Qd3 31. a3 Qb1+ 32. Kh2 Qd3 33. Bd4 Qc2 34. Bxg7 Kxg7 35. Rb7 Rf8 36. g3 Qd2 37. Kg2 Qg5 38. h4 Qe5 39. Qe3 a5 40. Qd4 Qxd4 41. cxd4 Rd8 42. Rb5 a4 43. Rb4 Rc8 44. Rxa4 Rb8 45. Rb4 Rc8 46. a4 Kf6 47. a5 Ke7 48. Rb7+ Ke8 49. b4 Kf8 50. a6 Ra8 51. a7 Kg7 52. b5 h5 53. b6 g5 54. Rb8 Rxb8 55. axb8=Q gxh4 56. Qe5+ f6 57. Qxh5 hxg3 58. Kxg3 Kf8 59. Qg4 Kf7 60. e5 Ke7 61. Qh4 Kd7 62. Qxf6 Kc6 63. Qxe6+ Kb5 64. b7 Ka4 65. b8=Q Ka3 66. Qa6# 1-0


[Site "https://www.chess.com"]

[Event "Titled Tuesday Blitz December 14 2021"]
[White "Tari, Aryan"]
[Black "Rozhkov, Viacheslav"]
[WhiteFideId "1510045"]
[BlackFideId "4181484"]
[WhiteElo "2656"]
[BlackElo "2324"]
[Result "1-0"]
[Round "01"]
[TimeControl "180+1"]
[Date "2021.12.14"]
[WhiteClock "0:00:06"]
[BlackClock "0:00:08"]

1. e4 c5 2. Nc3 Nc6 3. f4 g6 4. Nf3 Bg7 5. Bb5 a6 6. Bxc6 bxc6 7. d3 d5 8. e5 Nh6 9. h3 Nf5 10. O-O h5 11. Qe1 h4 12. Na4 c4 13. dxc4 dxc4 14. Be3 Be6 15. Nc5 Bd5 16. b3 e6 17. bxc4 Bxc4 18. Rf2 Bf8 19. Nd2 Qa5 20. Nce4 Bd5 21. Rb1 Bxe4 22. Nxe4 Qxe1+ 23. Rxe1 Be7 24. Bc5 Bxc5 25. Nxc5 Ke7 26. Rb1 Rab8 27. Rb3 Rxb3 28. cxb3 Rd8 29. Rc2 Rd4 30. Nxa6 Rxf4 31. Nb8 c5 32. Rc1 Ng3 33. Rd1 Re4 34. a4 c4 35. bxc4 Rxc4 36. a5 Ra4 37. Nc6+ Kf8 38. Kf2 Ra2+ 39. Kf3 Kg7 40. Rd7 g5 41. Ra7 Ra3+ 42. Kg4 Kg6 43. Ne7+ Kh6 44. Ra8 Ra4+ 45. Kf3 Ra3+ 46. Kf2 Ne4+ 47. Kf1 g4 48. hxg4 Kg5 49. a6 Kf4 50. a7 Ra2 51. Ke1 Ke3 52. Kd1 Nc3+ 53. Kc1 Nb5 54. Nc6 Kf2 55. Rf8 Nxa7 56. Rxf7+ Kxg2 57. Nxa7 Ra1+ 58. Kb2 Ra5 59. Nc6 Rb5+ 60. Ka3 h3 61. g5 Rc5 62. g6 Rxc6 63. g7 Ra6+ 64. Kb4 Rb6+ 65. Kc5 Rb8 66. Rf8 Rb1 67. g8=Q+ Kh2 68. Qg4 Rc1+ 69. Kd6 Rg1 70. Qe2+ Rg2 71. Rf2 Kg3 72. Rxg2+ hxg2 73. Qxg2+ Kxg2 74. Kxe6 1-0


[Site "https://www.chess.com"]

[Event "Titled Tuesday Blitz December 14 2021"]
[White "Timofeev, Artyom"]
[Black "Dorokhin, Mykhailo"]
[WhiteFideId "4140419"]
[BlackFideId "14114178"]
[WhiteElo "2628"]
[BlackElo "2280"]
[Result "1-0"]
[Round "01"]
[TimeControl "180+1"]
[Date "2021.12.14"]
[WhiteClock "0:01:24"]
[BlackClock "0:01:22"]

1. c4 Nf6 2. Nc3 c6 3. Nf3 d5 4. e3 h6 5. d4 Bf5 6. Qb3 Qb6 7. c5 Qc7 8. Be2 Nbd7 9. O-O e5 10. Nxe5 Nxe5 11. dxe5 Nd7 12. f4 Bxc5 13. Kh1 O-O 14. Bf3 f6 15. e4 fxe5 16. exf5 Rxf5 17. Bd2 Kh8 18. Bg4 Rf7 19. Bxd7 Qxd7 20. fxe5 Raf8 21. Rxf7 Qxf7 22. Qd1 Qf5 23. Qe1 Re8 24. Qf1 Qxf1+ 25. Rxf1 Rxe5 26. g3 d4 27. Nd1 Be7 28. Kg2 Ra5 29. Bxa5 1-0


[Site "https://www.chess.com"]

[Event "Titled Tuesday Blitz December 14 2021"]
[White "Tsydypov, Zhamsaran"]
[Black "Martins, Igor Carvalho Ribeiro"]
[WhiteFideId "4108566"]
[BlackFideId "2162962"]
[WhiteElo "2614"]
[BlackElo "2470"]
[Result "1-0"]
[Round "01"]
[TimeControl "180+1"]
[Date "2021.12.14"]
[WhiteClock "0:01:56"]
[BlackClock "0:00:56"]

1. e4 c5 2. Nf3 d6 3. d4 cxd4 4. Nxd4 Nf6 5. Nc3 a6 6. Qd3 Nc6 7. Bg5 e6 8. O-O-O Be7 9. f4 O-O 10. Bxf6 gxf6 11. Nf3 b5 12. g4 Bb7 13. g5 fxg5 14. Rg1 Kh8 15. Nxg5 Bxg5 16. Rxg5 Qf6 17. Qe3 Rad8 18. Bd3 Nb4 19. Be2 d5 20. e5 Qh6 21. a3 Nc6 22. Rh5 d4 23. Rxh6 dxe3 24. Bd3 f5 25. exf6 Rf7 26. Ne4 Nd4 27. Ng5 Rdf8 28. Nxh7 1-0


[Site "https://www.chess.com"]